Map: [ESL] Tropical Sacrifice

Players

HeroMarine

  • Race: Terran Terran
  • League: Master
  • Spawn Location: 7:00

Serral - Winner!

  • Race: Zerg Zerg
  • Spawn Location: 1:00

Event: HomeStory Cup XXII

VOD

Have the link to the VOD?

Description

Time

  • Played on: Dec. 17, 2022, 3:49 p.m.
  • Length: 7:56

All games in this series

Show
View Real Time Build Order
Export as new Build Order

HeroMarine Terran 

Build Orders: Reaper Expand 

Get SALT Encoding   

  12  0:00  SCV  
  13  0:12  SCV  
  14  0:17  Supply Depot  
  14  0:24  SCV  
  15  0:39  SCV  
  15  0:41  Barracks  
  16  0:44  Refinery  
  16  0:51  SCV  
  17  1:03  SCV  
  18  1:15  SCV  
  19  1:28  Reaper, Orbital Command  
  20  1:41  Command Center  
  20  1:48  Supply Depot  
  20  1:53  SCV  
  21  1:59  Marine  
  22  2:05  SCV  
  23  2:10  Factory  
  23  2:17  SCV  
  23  2:21  Barracks Reactor  
  24  2:29  SCV  
  25  2:42  SCV  
  25  2:43  Command Center  
  26  2:54  SCV, Orbital Command  
  27  3:01  Refinery  
  27  3:06  SCV, Hellion  
  27  3:09  Hellion  
  27  3:11  Barracks Tech Lab  
  32  3:18  SCV  
  33  3:20  SCV  
  34  3:29  Stimpack, Marine  
  34  3:30  SCV  
  34  3:33  SCV  
  41  3:34  Hellion x2  
  40  3:42  SCV  
  40  3:45  SCV  
  40  3:47  Marine  
  43  3:54  SCV  
  43  3:55  Orbital Command  
  44  3:57  SCV  
  44  4:00  Barracks  
  45  4:03  Barracks  
  45  4:04  Marine  
  45  4:06  SCV, Factory Reactor  
  48  4:10  SCV  
  48  4:16  Engineering Bay  
  48  4:18  Engineering Bay, SCV  
  48  4:20  SCV  
  48  4:22  SCV, Marine  
  52  4:30  SCV  
  53  4:31  Supply Depot  
  53  4:32  SCV  
  53  4:34  SCV  
  55  4:40  Marine  
  55  4:43  SCV  
  55  4:44  SCV  
  55  4:45  Supply Depot  
  58  4:46  SCV  
  58  4:48  Refinery x2, Starport, Factory Reactor  
  58  4:51  Terran Infantry Weapons Level 1  
  58  4:52  Terran Infantry Armor Level 1  
  59  4:55  SCV  
  59  4:58  SCV  
  59  4:59  Orbital Command  
  61  5:01  Marine x3  
  61  5:02  Supply Depot, Marine  
  61  5:04  Marine  
  65  5:07  SCV  
  65  5:10  SCV  
  65  5:13  Combat Shield  
  66  5:15  Supply Depot  
  66  5:19  SCV, Marine  
  68  5:22  SCV  
  68  5:25  SCV, Barracks  
  68  5:26  Barracks  
  70  5:31  SCV  
  70  5:32  Marine x2  
  70  5:34  Medivac  
  75  5:35  Medivac  
  75  5:36  Factory Reactor, Marine  
  75  5:38  SCV  
  75  5:39  SCV  
  80  5:43  SCV  
  80  5:45  Supply Depot, Marine  
  80  5:47  Marine  
  83  5:50  SCV  
  83  5:51  Supply Depot, SCV  
  85  5:57  Marine x2  
  85  5:58  Supply Depot, Marine  
  85  5:59  Supply Depot  
  85  6:00  SCV  
  85  6:02  SCV, Marine  
  91  6:05  Armory  
  91  6:07  Medivac  
  94  6:11  SCV, Refinery  
  94  6:12  Barracks Reactor, Medivac  
  94  6:13  Barracks Reactor  
  94  6:15  SCV x2  
  94  6:17  Marine x2  
  100  6:19  Marine  
  100  6:20  Marine  
  100  6:23  SCV  
  103  6:27  SCV x2  
  103  6:29  Marine  
  103  6:31  Widow Mine  
  103  6:32  Widow Mine  
  110  6:35  Supply Depot, Marine  
  111  6:42  Barracks, Marine  
  111  6:43  Barracks, Marine x2  
  111  6:45  Barracks  
  111  6:46  Marine  
  115  6:49  Marine  
  115  6:53  Marine x3  
  119  6:56  Supply Depot  
  119  6:57  Supply Depot  
  119  6:59  Marine  
  119  7:00  Marine  
  121  7:02  Marine  
  122  7:10  Medivac  
  122  7:11  Medivac  
  122  7:12  Marine x2  
  127  7:16  Marine x2  
  127  7:19  Factory Tech Lab  
  127  7:20  Marine x4  
  133  7:28  Marine  
  133  7:29  Marine  
  133  7:30  Marine x2  
  133  7:32  Supply Depot x2  
  134  7:38  Supply Depot  
  134  7:39  Supply Depot x2  
Show
View Real Time Build Order
Export as new Build Order

Serral Zerg - Winner!

Build Orders: Hatch First 

Get SALT Encoding   

  12  0:00  Drone  
  13  0:12  Overlord  
  13  0:18  Drone  
  14  0:31  Drone x2  
  16  0:50  Hatchery  
  16  0:53  Drone  
  16  0:57  Drone  
  17  1:00  Drone  
  18  1:11  Extractor  
  17  1:16  Spawning Pool  
  16  1:19  Drone  
  16  1:22  Drone  
  18  1:29  Drone  
  19  1:39  Drone  
  20  1:52  Drone  
  21  2:02  Queen x2  
  21  2:04  Zergling x4  
  27  2:12  Overlord  
  27  2:13  Drone  
  28  2:29  Hatchery  
  27  2:30  Drone  
  27  2:34  Drone x2  
  30  2:39  Drone  
  30  2:42  Metabolic Boost  
  31  2:48  Queen  
  33  2:53  Overlord  
  33  2:56  Drone  
  34  2:59  Drone  
  34  3:00  Drone  
  36  3:06  Overlord  
  36  3:12  Drone x3  
  39  3:13  Drone  
  39  3:16  Drone  
  41  3:20  Queen  
  41  3:22  Drone  
  44  3:27  Drone  
  44  3:30  Queen  
  47  3:41  Queen  
  47  3:42  Overlord  
  47  3:43  Drone x2  
  47  3:46  Zergling x2  
  52  3:48  Drone  
  52  3:49  Drone  
  52  3:51  Overlord  
  52  3:54  Zergling x2  
  52  3:55  Drone  
  56  3:59  Queen  
  56  4:01  Drone  
  59  4:06  Queen  
  59  4:09  Overlord  
  61  4:11  Drone  
  61  4:12  Drone  
  61  4:14  Zergling x2  
  64  4:17  Drone x2  
  64  4:18  Drone  
  64  4:21  Overlord  
  67  4:27  Overlord  
  67  4:28  Drone x2  
  69  4:33  Drone x3  
  69  4:36  Drone  
  73  4:39  Lair  
  73  4:41  Drone x3, Extractor  
  75  4:48  Drone x3  
  75  4:51  Queen  
  80  4:55  Extractor  
  80  4:56  Evolution Chamber x2  
  80  4:58  Drone x2  
  80  4:59  Roach Warren  
  78  5:00  Zergling x2  
  78  5:01  Drone  
  78  5:03  Drone  
  78  5:05  Drone x3  
  84  5:08  Extractor  
  84  5:09  Drone, Extractor  
  84  5:10  Drone, Extractor  
  84  5:11  Drone  
  84  5:13  Drone  
  84  5:14  Drone  
  86  5:16  Overlord  
  86  5:18  Drone  
  86  5:19  Drone  
  88  5:22  Drone x2  
  88  5:26  Zerg Missile Weapons Level 1  
  88  5:27  Zerg Ground Armor Level 1  
  90  5:35  Hatchery  
  89  5:38  Glial Reconstitution, Drone  
  89  5:41  Zergling x4  
  89  5:42  Zergling x2  
  92  5:45  Overlord  
  92  5:50  Zergling x4  
  92  5:54  Roach  
  92  5:55  Overlord  
  92  5:56  Overlord x2  
  92  5:57  Overlord  
  96  6:03  Overlord x2  
  96  6:04  Overlord  
  96  6:06  Roach  
  96  6:09  Roach x2  
  102  6:12  Roach  
  102  6:15  Roach  
  102  6:16  Roach  
  108  6:18  Roach  
  108  6:19  Roach  
  108  6:23  Roach x3  
  118  6:26  Roach x2  
  118  6:27  Overseer  
  118  6:30  Roach x2  
  118  6:31  Roach  
  128  6:35  Roach x2  
  128  6:36  Roach  
  134  6:40  Roach x2  
  134  6:43  Nydus Network  
  134  6:46  Roach x2  
  141  6:50  Roach  
  143  6:54  Overlord  
  143  6:55  Roach x3  
  143  6:56  Overseer  
  143  7:00  Ravager x6  
  155  7:03  Roach x2  
  159  7:10  Roach x4  
  165  7:17  Roach x4  
  173  7:25  Roach  
  173  7:28  Overlord  
  173  7:29  Overlord  
  173  7:36  Roach x2  
Tags
 
Add a new tag
Caveats
  • Supply blocks, unpowered buildings, or Contaminate may cause inaccurate times.
  • Supply counts are checked every 10 seconds.